Map: Ulrena

Players

Wannabedk

  • Race: Terran Terran
  • League: Gold
  • Spawn Location: 11:00

zidar - Winner!

  • Race: Zerg Zerg
  • League: Gold
  • Spawn Location: 7:00

VOD

Have the link to the VOD?

Description

Time

  • Played on: June 13, 2016, 2:16 p.m.
  • Length: 9:04
Show
View Real Time Build Order
Export as new Build Order

Wannabedk Terran 

Build Orders: Reaper Expand 

Get SALT Encoding   

  12  0:01  SCV  
  13  0:13  SCV  
  14  0:18  Supply Depot  
  14  0:25  SCV  
  15  0:40  SCV  
  15  0:41  Barracks  
  16  0:47  Refinery  
  16  0:52  SCV  
  17  1:04  SCV  
  18  1:28  Supply Depot  
  18  1:31  Reaper  
  19  1:48  Command Center  
  19  1:52  Barracks  
  19  2:03  Marine  
  20  2:11  Orbital Command  
  20  2:28  Barracks Reactor  
  20  2:39  SCV  
  21  2:49  Marine  
  21  2:51  SCV  
  23  3:00  SCV  
  23  3:03  SCV  
  25  3:06  Factory  
  25  3:09  Marine x2  
  25  3:11  Barracks Tech Lab  
  25  3:12  SCV  
  28  3:15  Supply Depot  
  28  3:18  Refinery  
  28  3:21  SCV  
  28  3:24  SCV  
  30  3:33  Marine, Stimpack  
  31  3:35  Marine  
  31  3:39  SCV  
  33  3:46  Bunker  
  33  3:49  Marine  
  33  3:51  Marine  
  33  3:53  Factory Tech Lab  
  35  3:56  SCV  
  36  4:06  Starport  
  36  4:09  SCV  
  37  4:10  SCV  
  37  4:13  Marine x2  
  40  4:21  SCV  
  40  4:22  SCV  
  42  4:24  Siege Tank  
  45  4:34  Orbital Command  
  45  4:38  Supply Depot  
  45  4:48  Marauder  
  47  4:55  SCV  
  48  5:00  Siege Tank  
  50  5:10  Marine x3  
  53  5:15  Medivac  
  53  5:28  Marine  
  54  5:30  SCV  
  54  5:31  SCV  
  56  5:42  SCV, Supply Depot  
  57  5:43  SCV  
  57  5:47  Barracks, Refinery  
  57  5:49  Refinery  
  58  5:50  Medivac  
  58  5:54  SCV  
  58  5:55  SCV  
  62  6:03  Marauder  
  64  6:05  Supply Depot  
  64  6:06  SCV  
  64  6:07  SCV  
  66  6:17  Marine  
  66  6:18  Marine  
  70  6:19  SCV x2  
  70  6:22  Widow Mine  
  70  6:23  Engineering Bay  
  70  6:25  Marauder, Starport Reactor  
  74  6:26  Engineering Bay  
  74  6:31  SCV x2  
  76  6:43  Siege Tank  
  76  6:44  SCV  
  80  6:54  Marine  
  80  6:55  Marine x2, Barracks Tech Lab  
  80  6:57  Combat Shield  
  80  6:59  Terran Infantry Weapons Level 1  
  80  7:00  Terran Infantry Armor Level 1  
  83  7:12  Marine x2  
  77  7:27  Marine x2  
  79  7:30  Marine x2  
  79  7:36  Barracks  
  81  7:42  Command Center, Supply Depot  
  81  7:43  Siege Tank  
  84  7:45  Marine x2  
  86  7:54  Marine x2  
  88  7:59  Armory  
  88  8:04  Marauder x2  
  88  8:05  Armory  
  92  8:06  Supply Depot  
  73  8:26  Marine x2  
  73  8:27  Marine x2  
  49  8:44  Marine x4  
Show
View Real Time Build Order
Export as new Build Order

zidar Zerg - Winner!

Build Orders: Hatch First 

Get SALT Encoding   

  12  0:02  Drone  
  13  0:12  Overlord  
  13  0:17  Drone  
  14  0:31  Drone x2  
  16  0:52  Hatchery  
  16  0:54  Drone  
  16  0:58  Extractor  
  16  1:00  Drone  
  16  1:20  Spawning Pool  
  16  1:22  Drone  
  16  1:26  Drone  
  17  1:33  Drone  
  18  1:40  Overlord  
  18  2:07  Queen x2  
  21  2:09  Drone  
  21  2:12  Drone  
  23  2:16  Zergling x2  
  23  2:20  Zergling x2  
  25  2:26  Zergling x2  
  26  2:33  Metabolic Boost  
  26  3:02  Drone x6  
  32  3:20  Roach Warren  
  32  3:26  Overlord x2  
  31  3:28  Drone  
  31  3:29  Drone x3  
  35  3:36  Extractor  
  35  3:40  Overlord  
  34  3:43  Drone x2  
  34  3:45  Drone  
  34  3:46  Drone  
  38  3:54  Drone x4  
  42  4:08  Roach x6  
  54  4:22  Overlord x2  
  54  4:30  Drone  
  55  4:35  Ravager  
  55  4:37  Ravager  
  57  4:55  Drone  
  57  4:56  Drone x5  
  63  5:02  Extractor  
  59  5:11  Roach x4  
  56  5:42  Roach x2  
  66  5:43  Roach x4  
  68  5:58  Roach x2  
  72  6:08  Hatchery  
  71  6:17  Roach x2  
  75  6:19  Overlord  
  75  6:20  Overlord x2  
  75  6:21  Overlord  
  75  6:41  Roach x8  
  75  6:44  Ravager x3, Hatchery  
  93  6:50  Queen  
  95  6:57  Roach x5  
  95  7:00  Overlord  
  95  7:28  Roach x4  
  95  7:29  Roach x6  
  115  7:31  Ravager  
  116  7:38  Ravager  
  117  7:53  Roach x2  
Tags
 
Add a new tag
Caveats
  • Supply blocks, unpowered buildings, or Contaminate may cause inaccurate times.
  • Supply counts are checked every 10 seconds.